AoeStats
← yaximi

Lombardia

507714930Analyzed
4v4 RM · 12d ago on Sep 19, 2026· 53m 25s· 8 players
Game mode
Random Map
Map size
Large (8 player)
Population
200
Speed
Normal
Resources
Standard
Victory
Conquest
Starting age
Dark Age
Ending age
Imperial Age
RankedLock teamsTeams togetherTeam positionsShared explorationLock speedFull tech treeHidden civsTurbo modeCheats
Victory
Defeat
🇧🇪 Spanish · Belgium
1617
+15
🇹🇼 Chinese · Taiwan
1610
+16
🇩🇪 Bulgarians · Germany
1597
+16
🇨🇳 Saracens · China
1580
+17
🇭🇰 Mongols · Hong Kong SAR China
1696
-20
🇨🇳 Persians · China
1637
-17
🇨🇳 Celts · China
1588
-15
🇨🇳 Britons · China
1491
-12
Xun
9:52 Feudal Age
10:09 Feudal Age
12:07 Forging
14:01 Castle Age
12:07 Double-Bit Axe
12:32 Horse Collar
15:18 Bow Saw
19:02 Loom
21:42 Wheelbarrow
24:36 Hand Cart
24:37 Gold Mining
24:39 Stone Mining
26:03 Gold Shaft Mining
25:30 Heavy Plow
30:16 Imperial Age
29:18 Bloodlines
29:09 Husbandry
29:15 Scale Barding Armor
29:20 Forging
29:41 Devotion
30:06 Chain Barding Armor
31:24 Conscription
30:24 Elite Mameluke
31:47 Plate Barding Armor
31:48 Iron Casting
32:17 Two-Man Saw
31:20 Herbal Medicine
33:44 Blast Furnace
32:59 Fletching
36:32 Hoardings
35:54 Bodkin Arrow
35:30 Capped Ram
37:25 Chemistry
36:45 Ballistics
37:30 Siege Ram
39:14 Bracer
39:36 Ballistics
40:14 Caravan
43:51 Town Watch
52:26 Masonry
52:21 Siege Engineers
53:35 Hoardings
Mewes96
10:00 Feudal Age
15:26 Castle Age
16:00 Loom
16:51 Horse Collar
16:57 Double-Bit Axe
26:39 Scale Barding Armor
26:45 Forging
29:01 Fletching
30:28 Bodkin Arrow
31:20 Bloodlines
31:12 Husbandry
31:30 Bow Saw
33:15 Chain Barding Armor
33:14 Gold Mining
33:26 Heavy Plow
34:28 Town Watch
35:19 Wheelbarrow
35:57 Padded Archer Armor
36:41 Ballistics
39:15 Imperial Age
36:47 Elite Skirmisher
40:32 Conscription
40:51 Plate Barding Armor
41:12 Iron Casting
40:38 Scale Mail Armor
40:53 Caravan
41:47 Stirrups
41:33 Elite Skirmisher
43:12 Leather Archer Armor
42:57 Bracer
43:13 Chain Mail Armor
44:50 Chemistry
46:59 Elite Konnik
49:33 Gold Shaft Mining
49:33 Hand Cart
50:46 Blast Furnace
51:06 Crop Rotation
52:28 Plate Mail Armor
JINX
7:16 Loom
9:18 Feudal Age
12:50 Castle Age
11:56 Double-Bit Axe
12:21 Gold Mining
12:23 Stone Mining
13:28 Loom
14:35 Horse Collar
15:16 Bow Saw
16:07 Horse Collar
22:09 Horse Collar
22:32 Town Watch
25:32 Wheelbarrow
26:40 Gold Mining
29:20 Hand Cart
33:24 Imperial Age
31:08 Padded Archer Armor
31:17 Scale Barding Armor
31:35 Forging
32:10 Chain Barding Armor
32:27 Bloodlines
32:18 Husbandry
33:23 Iron Casting
33:32 Cavalier
34:49 Plate Barding Armor
34:38 Conscription
34:36 Guilds
34:38 Heavy Plow
34:51 Pikeman
35:31 Squires
35:43 Paladin
38:45 Blast Furnace
37:54 Halberdier
39:45 Scale Mail Armor
40:23 Stone Shaft Mining
41:23 Fletching
41:48 Chain Mail Armor
43:14 Caravan
46:11 Supremacy
46:25 Plate Mail Armor
50:13 Light Cavalry
MrLaoLiu
0:26 Loom
11:18 Feudal Age
15:32 Castle Age
13:46 Double-Bit Axe
15:09 Horse Collar
17:08 Bow Saw
17:39 Heavy Plow
18:25 Town Watch
23:32 Wheelbarrow
29:39 Imperial Age
27:39 Gold Mining
27:43 Fletching
27:55 Padded Archer Armor
29:18 Hand Cart
29:03 Bodkin Arrow
29:58 Elite Chu Ko Nu
30:59 Conscription
30:42 Bracer
31:06 Ballistics
30:58 Masonry
31:50 Gold Shaft Mining
32:07 Leather Archer Armor
32:55 Chemistry
33:08 Thumb Ring
33:34 Fortified Wall
33:16 Stone Mining
33:42 Squires
34:51 Ring Archer Armor
35:37 Forging
35:28 Scale Mail Armor
35:43 Pikeman
36:09 Arson
37:00 Chain Mail Armor
36:49 Halberdier
39:42 Plate Mail Armor
39:48 Iron Casting
40:22 Two-Man Saw
39:19 Elite Skirmisher
43:21 Blast Furnace
42:27 Scale Barding Armor
42:48 Caravan
43:19 Coinage
43:10 Capped Ram
44:12 Siege Ram
46:34 Great Wall
47:09 Banking
49:31 Architecture
48:56 Murder Holes
49:30 Chain Barding Armor
51:30 Bloodlines
51:21 Husbandry
50:42 Cavalier
50:43 Light Cavalry
53:00 Plate Barding Armor
yaximi
10:08 Feudal Age
10:13 Feudal Age
11:46 Double-Bit Axe
14:41 Castle Age
12:37 Horse Collar
15:49 Bow Saw
21:22 Wheelbarrow
23:41 Hand Cart
25:44 Gold Mining
25:44 Stone Mining
27:18 Gold Shaft Mining
27:18 Stone Shaft Mining
29:46 Imperial Age
27:35 Fletching
28:21 Bodkin Arrow
28:30 Heavy Plow
28:44 Loom
30:49 Conscription
30:47 Bracer
30:27 Elite Mangudai
31:55 Caravan
32:30 Ballistics
32:46 Husbandry
32:57 Bloodlines
33:13 Parthian Tactics
34:39 Thumb Ring
34:23 Capped Ram
35:12 Siege Ram
44:16 Padded Archer Armor
45:48 Leather Archer Armor
52:04 Nomads
Allen
3:57 Loom
11:44 Feudal Age
15:31 Castle Age
13:40 Double-Bit Axe
13:37 Horse Collar
16:10 Bow Saw
29:56 Imperial Age
28:02 Wheelbarrow
27:25 Stone Mining
28:19 Scale Barding Armor
28:29 Heavy Plow
28:28 Gold Mining
29:39 Chain Barding Armor
30:00 Stone Shaft Mining
31:23 Two-Man Saw
30:48 Bloodlines
30:39 Husbandry
31:30 Crop Rotation
31:18 Elite War Elephant
32:37 Plate Barding Armor
32:41 Conscription
34:09 Forging
35:54 Iron Casting
38:25 Masonry
38:35 Caravan
39:29 Guilds
41:20 Blast Furnace
44:47 Kamandaran
46:17 Thumb Ring
45:33 Crossbowman
46:15 Padded Archer Armor
47:44 Fletching
48:11 Leather Archer Armor
48:57 Chemistry
48:18 Ballistics
49:11 Bodkin Arrow
50:01 Ring Archer Armor
51:17 Light Cavalry
51:29 Pikeman
52:12 Scale Mail Armor
51:59 Halberdier
53:25 Chain Mail Armor
53:13 Squires
blurr
9:55 Feudal Age
13:42 Castle Age
11:46 Horse Collar
12:33 Double-Bit Axe
15:56 Wheelbarrow
15:34 Bow Saw
18:00 Loom
23:04 Hand Cart
22:35 Town Watch
23:12 Gold Mining
23:13 Stone Mining
25:56 Gold Shaft Mining
25:37 Heavy Plow
29:47 Imperial Age
27:17 Fletching
27:53 Bodkin Arrow
27:59 Padded Archer Armor
28:21 Ballistics
28:32 Crossbowman
29:34 Leather Archer Armor
30:47 Bracer
31:37 Sappers
32:27 Conscription
32:37 Yeomen
32:06 Arbalester
34:00 Ring Archer Armor
35:34 Chemistry
41:42 Coinage
41:12 Caravan
45:00 Masonry
44:31 Treadmill Crane
46:39 Banking
yyx
9:23 Loom
12:16 Feudal Age
12:54 Town Watch
15:54 Castle Age
13:56 Double-Bit Axe
14:18 Horse Collar
17:05 Bow Saw
35:08 Imperial Age
33:40 Wheelbarrow
35:09 Heavy Plow
35:00 Gold Mining
35:41 Fortified Wall
36:38 Onager
37:52 Hand Cart
39:49 Siege Engineers
40:35 Siege Onager
42:44 Chemistry
42:05 Ballistics
Connection lost

Rejoining the realm…

Still unreachable

The connection could not be restored.

Session expired

The server has moved on; the page needs a fresh start.